AoeStats
← LoVEitx3

Black Forest

509582816Analyzed
2v2 RM · 4d ago on Sep 27, 2026· 46m 52s· 4 players
Game mode
Random Map
Map size
Medium (4 player)
Population
200
Speed
Normal
Resources
Standard
Victory
Conquest
Starting age
Dark Age
Ending age
Imperial Age
RankedLock teamsTeams togetherTeam positionsShared explorationLock speedFull tech treeHidden civsTurbo modeCheats
Victory
Defeat
🇫🇷 Khmer · France
618
+15
🇫🇷 Teutons · France
604
+16
🇩🇪 Inca · Germany
695
-20
🇨🇭 Britons · Switzerland
497
-11
N{o}No
0:31 Loom
12:22 Feudal Age
12:59 Horse Collar
13:05 Double-Bit Axe
19:46 Castle Age
18:15 Stone Mining
20:03 Wheelbarrow
20:30 Heavy Plow
20:42 Bow Saw
21:38 Stone Shaft Mining
22:38 Fletching
23:49 Bodkin Arrow
29:51 Imperial Age
28:36 Squires
28:22 Arson
28:45 Gold Mining
30:24 Hand Cart
31:07 Conscription
33:31 Chemistry
32:52 Ballistics
32:44 Fortified Wall
34:13 Crenellations
34:08 Bloodlines
33:20 Cavalier
34:39 Caravan
36:42 Scale Mail Armor
37:39 Scale Barding Armor
37:50 Chain Mail Armor
37:48 Forging
37:36 Elite Skirmisher
38:09 Elite Teutonic Knight
46:44 Plate Mail Armor
46:50 Iron Casting
maxlaguitare
13:39 Feudal Age
16:43 Castle Age
15:51 Horse Collar
15:57 Double-Bit Axe
16:03 Gold Mining
16:04 Stone Mining
18:44 Wheelbarrow
21:26 Wheelbarrow
20:36 Loom
21:06 Bow Saw
23:54 Heavy Plow
24:43 Gold Shaft Mining
27:38 Stone Shaft Mining
28:04 Hand Cart
28:49 Husbandry
29:52 Scale Barding Armor
30:11 Ballistics
30:03 Masonry
31:48 Bloodlines
33:10 Chain Barding Armor
33:01 Forging
36:04 Imperial Age
34:51 Tusk Swords
35:35 Iron Casting
37:20 Plate Barding Armor
37:46 Blast Furnace
36:09 Elite Ballista Elephant
37:26 Hoardings
38:14 Chemistry
38:56 Double Crossbow
39:31 Architecture
39:17 Siege Engineers
39:50 Heavy Scorpion
43:42 Padded Archer Armor
43:10 Elite Battle Elephant
46:35 Capped Ram
47:44 Conscription
Phenylalaninehydroxylase
0:34 Loom
13:23 Feudal Age
14:06 Double-Bit Axe
14:12 Gold Mining
14:22 Stone Mining
16:47 Town Watch
17:39 Wheelbarrow
17:08 Horse Collar
17:21 Gold Mining
19:57 Fletching
20:21 Forging
19:58 Arson
22:21 Scale Mail Armor
27:56 Castle Age
28:52 Bow Saw
28:43 Heavy Plow
29:18 Stone Shaft Mining
30:15 Gold Shaft Mining
32:59 Iron Casting
32:20 Bodkin Arrow
34:03 Fortified Wall
34:04 Masonry
33:36 Treadmill Crane
33:52 Murder Holes
34:11 Squires
33:33 Elite Skirmisher
38:28 Imperial Age
36:47 Chain Mail Armor
37:02 Ballistics
36:50 Caravan
38:24 Heated Shot
39:46 Fabric Shields
39:09 Elite Kamayuk
40:41 Crop Rotation
39:46 Elite Kamayuk
40:47 Conscription
41:18 Bracer
42:20 Blast Furnace
46:00 Hoardings
46:02 Plate Mail Armor
45:05 Sappers
LoVEitx3
13:50 Feudal Age
14:16 Double-Bit Axe
15:08 Gold Mining
15:09 Stone Mining
15:25 Horse Collar
18:26 Wheelbarrow
22:37 Castle Age
23:37 Bow Saw
24:19 Gold Shaft Mining
25:48 Caravan
25:54 Heavy Plow
26:11 Crossbowman
27:18 Padded Archer Armor
31:22 Fortified Wall
33:01 Yeomen
33:28 Leather Archer Armor
33:04 Fletching
35:04 Bodkin Arrow
39:37 Imperial Age
41:20 Two-Man Saw
39:52 Arbalester
40:04 Elite Longbowman
42:44 Ring Archer Armor
42:33 Cranequins
Connection lost

Rejoining the realm…

Still unreachable

The connection could not be restored.

Session expired

The server has moved on; the page needs a fresh start.